Map: 永恒梦境-天梯版

Players

iGMacSed (MacSed)

  • Race: Protoss Protoss
  • League: Master

TIME (Oliveira) - Winner!

  • Race: Terran Terran
  • League: Master

Event: DreamHack SC2 Masters 2020 Fall

VOD

Have the link to the VOD?

Description

Time

  • Played on: Sept. 2, 2020, 8 a.m.
  • Length: 8:39

All games in this series

Show
View Real Time Build Order
Export as new Build Order

iGMacSed Protoss 

Build Orders: 1 Gate Expand, Blink Stalkers, Colossus Rush 

Get SALT Encoding   

  12  0:00  Probe  
  13  0:12  Probe  
  14  0:17  Pylon  
  14  0:24  Probe (Chrono Boost)  
  15  0:36  Probe (Chrono Boost)  
  15  0:37  Gateway  
  16  0:44  Probe (Chrono Boost)  
  16  0:45  Assimilator  
  17  0:51  Probe  
  18  1:03  Probe  
  19  1:15  Probe  
  20  1:25  Cybernetics Core  
  20  1:32  Nexus  
  20  1:36  Probe  
  21  1:43  Pylon  
  21  1:48  Probe  
  21  1:52  Assimilator  
  22  2:00  Stalker (Chrono Boost)  
  22  2:01  Probe  
  23  2:06  Warp Gate  
  25  2:13  Probe  
  26  2:24  Sentry  
  26  2:25  Probe (Chrono Boost)  
  29  2:35  Probe (Chrono Boost)  
  30  2:42  Probe (Chrono Boost)  
  31  2:44  Twilight Council, Probe (Chrono Boost)  
  32  2:51  Stalker  
  32  2:54  Probe (Chrono Boost)  
  32  2:55  Probe (Chrono Boost)  
  36  2:59  Probe (Chrono Boost)  
  36  3:03  Probe  
  38  3:11  Probe (Chrono Boost)  
  38  3:12  Gateway  
  39  3:14  Gateway  
  39  3:16  Blink (Chrono Boost)  
  39  3:18  Probe (Chrono Boost)  
  40  3:23  Probe (Chrono Boost)  
  41  3:31  Probe x2 (Chrono Boost)  
  41  3:33  Pylon  
  43  3:36  Assimilator  
  43  3:38  Assimilator  
  43  3:39  Probe  
  43  3:40  Probe  
  45  3:46  Pylon  
  45  3:51  Probe  
  45  3:52  Probe  
  47  3:57  Robotics Facility  
  47  4:03  Probe  
  47  4:04  Probe  
  47  4:07  Stalker  
  47  4:08  Stalker x2  
  55  4:14  Pylon  
  55  4:15  Probe  
  55  4:16  Probe  
  57  4:31  Stalker x2  
  57  4:32  Stalker  
  63  4:41  Pylon  
  63  4:46  Observer  
  63  4:48  Robotics Bay  
  63  4:49  Forge  
  64  4:54  Pylon  
  64  4:59  Stalker x3  
  70  5:08  Observer  
  70  5:13  Charge, Nexus  
  71  5:20  Protoss Ground Weapons Level 1 (Chrono Boost)  
  71  5:27  Pylon  
  71  5:34  Colossus (Chrono Boost)  
  71  5:42  Extended Thermal Lance  
  77  5:45  Gateway  
  77  5:48  Gateway  
  77  5:49  Gateway  
  77  5:58  Gateway  
  77  6:00  Gateway  
  77  6:10  Pylon  
  77  6:11  Probe x2  
  79  6:15  Zealot x2  
  83  6:23  Probe  
  82  6:26  Probe  
  82  6:31  Stalker  
  79  6:36  Stalker x2  
  81  6:43  Zealot x2  
  81  6:44  Probe x2  
  87  6:49  Colossus (Chrono Boost)  
  89  6:56  Stalker x2  
  93  7:02  Zealot x2  
  91  7:11  Zealot x3  
  77  7:22  Zealot  
  74  7:23  Zealot x3  
  74  7:33  Colossus (Chrono Boost)  
  80  7:38  Sentry x2, Zealot  
  80  7:40  Zealot  
  88  7:46  Dark Shrine  
  88  8:01  Zealot x3  
  72  8:13  Zealot x5  
Show
View Real Time Build Order
Export as new Build Order

TIME Terran - Winner!

Build Orders: Reaper Expand 

Get SALT Encoding   

  12  0:00  SCV  
  13  0:12  SCV  
  14  0:17  Supply Depot  
  14  0:24  SCV  
  15  0:39  SCV  
  15  0:40  Barracks  
  16  0:44  Refinery  
  16  0:51  SCV  
  17  1:03  SCV  
  18  1:15  SCV  
  19  1:27  Reaper, Orbital Command  
  20  1:40  Command Center  
  20  1:50  Barracks  
  20  1:55  SCV  
  20  2:01  Barracks Reactor  
  21  2:07  SCV  
  22  2:10  Supply Depot  
  22  2:13  Refinery  
  22  2:19  SCV  
  23  2:23  Factory  
  23  2:31  SCV  
  24  2:37  Marine x2  
  24  2:38  Barracks Tech Lab  
  24  2:43  SCV  
  27  2:52  Orbital Command  
  27  2:55  SCV  
  27  2:57  Stimpack  
  28  2:59  Marine  
  28  3:01  Marine  
  28  3:04  Marine  
  31  3:08  SCV  
  32  3:14  Starport  
  32  3:18  SCV  
  33  3:20  SCV, Factory Reactor  
  33  3:24  Marine  
  33  3:26  Marine  
  36  3:27  Marine  
  36  3:30  SCV  
  36  3:32  SCV  
  39  3:35  Supply Depot  
  39  3:41  Marine  
  39  3:42  SCV  
  39  3:44  Marine  
  39  3:45  SCV  
  43  3:51  Marine  
  43  3:54  SCV  
  45  3:57  SCV, Supply Depot  
  45  3:59  Medivac x2  
  45  4:00  Marine  
  51  4:06  SCV, Factory Tech Lab  
  51  4:09  SCV  
  53  4:11  Marine  
  53  4:14  Engineering Bay  
  54  4:18  Marine  
  54  4:19  SCV  
  54  4:20  Supply Depot  
  54  4:21  SCV  
  54  4:23  Marine  
  58  4:27  Refinery, Siege Tank  
  61  4:35  SCV  
  61  4:37  Barracks  
  61  4:41  Marine  
  61  4:42  Marine  
  62  4:47  SCV, Terran Infantry Weapons Level 1  
  62  4:48  Bunker  
  62  4:50  SCV, Marine  
  62  4:51  Supply Depot  
  65  4:53  Starport Reactor  
  65  4:56  Supply Depot  
  65  4:59  SCV, Marine  
  67  5:00  Marine  
  67  5:04  Refinery  
  68  5:10  SCV  
  68  5:12  Supply Depot, Siege Tank  
  68  5:14  SCV, Marine  
  74  5:23  Combat Shield  
  74  5:24  Marine  
  74  5:25  Marine x2  
  74  5:27  SCV x2  
  79  5:29  Marine  
  80  5:36  Supply Depot  
  80  5:37  Marine  
  80  5:39  Medivac  
  83  5:43  Medivac  
  83  5:45  Marine x3  
  83  5:47  Marine  
  89  5:51  Supply Depot  
  89  5:59  Siege Tank  
  89  6:03  Marine  
  92  6:06  Marine  
  92  6:08  Command Center  
  92  6:09  SCV, Marine  
  93  6:12  Marine  
  93  6:14  Marine  
  93  6:16  SCV  
  96  6:22  Marine  
  96  6:23  SCV  
  95  6:26  Marine  
  95  6:28  SCV  
  96  6:35  SCV  
  96  6:39  Marine  
  94  6:40  Siege Tank  
  94  6:41  Liberator x2  
  94  6:42  SCV  
  94  6:44  Marine, Terran Infantry Armor Level 1  
  94  6:45  Marine x3  
  108  6:47  SCV  
  108  6:54  SCV  
  108  6:56  Marine  
  108  6:59  Barracks  
  108  7:00  Barracks  
  106  7:02  Marine  
  106  7:03  Marine  
  107  7:14  Marine x2  
  99  7:16  Siege Tank  
  99  7:19  Marine  
  99  7:20  Marine  
  99  7:21  Marine  
  99  7:22  SCV x2  
  104  7:27  Viking  
  106  7:31  Viking, Marine x2  
  106  7:34  SCV  
  106  7:35  Orbital Command  
  111  7:37  SCV  
  111  7:42  Marine x3  
  115  7:44  Supply Depot  
  115  7:46  SCV  
  115  7:47  Barracks Tech Lab x2  
  115  7:49  SCV  
  117  7:57  Marine  
  117  7:58  SCV  
  119  8:00  Marine x2  
  119  8:01  Siege Tank  
  124  8:05  SCV  
  124  8:06  Viking, Supply Depot  
  124  8:08  Supply Depot  
  118  8:15  Marauder x2, Marine  
  118  8:16  Marine  

Tags
 
Add a new tag
Caveats
  • Supply blocks, unpowered buildings, or Contaminate may cause inaccurate times.
  • Supply counts are checked every 10 seconds.